 Dungeon Crawl Stone Soup version 0.21.1-1-g345015f (webtiles) character file.

100 inc the Magician (level 4, 0/27 HPs)
             Began as an Octopode Earth Elementalist on Apr 21, 2018.
             Succumbed to an adder's poison
             ... on level 2 of the Dungeon.
             The game lasted 00:01:58 (1845 turns).

inc the Magician (Octopode Earth Elementalist)      Turns: 1845, Time: 00:01:59

Health: 0/27       AC:  1    Str:  7    XL:     4   Next: 73%
Magic:  6/10       EV: 13    Int: 18    God:
Gold:   114        SH:  0    Dex: 12    Spells: 10/11 levels left

rFire    . . .     SeeInvis .   e - +0 short sword
rCold    . . .     Gourm    .   (no shield)
rNeg     . . .     Faith    .   (helmet restricted)
rPois    .         Spirit   .   (no amulet)
rElec    .         Reflect  .   (no ring)
rCorr    .         Harm     .   (no ring)
MR       .....                  (no ring)
Stlth    +++.......             (no ring)
HPRegen  0.09/turn              (no ring)
MPRegen  0.12/turn              (no ring)
                                (no ring)
                                (no ring)

@: lethally poisoned (0 -> -2)
A: almost no armour, stealthy swim, amphibious, 8 rings, constrict 8, camouflage
1, gelatinous body 1
a: no special abilities


You were on level 2 of the Dungeon.
You were very hungry.

You visited 1 branch of the dungeon, and saw 2 of its levels.

You collected 114 gold pieces.

Inventory:

Hand Weapons
 e - a +0 short sword (weapon)
Missiles
 b - 64 stones (quivered)
Armour
 a - a +0 shield
Scrolls
 g - a scroll of blinking {unknown}
 h - a scroll of enchant armour {unknown}
 i - a scroll of identify {unknown}
Potions
 f - a potion of berserk rage
 j - a potion of curing {unknown}
Books
 d - a book of Geomancy

   Spells                             Type                      Level
   a - Sandblast                      Earth                        1
   b - Passwall                       Transmutation/Earth          2
   c - Stone Arrow                    Conjuration/Earth            3
   d - Petrify                        Transmutation/Earth          4
   e - Lee's Rapid Deconstruction     Earth                        5
Comestibles
 c - 2 rations


   Skills:
 - Level 2.0 Dodging
 - Level 2.6 Stealth
 + Level 4.4 Spellcasting
   Level 1.0 Transmutations
 - Level 3.0 Earth Magic


You had 10 spell levels left.
You knew the following spells:

 Your Spells              Type           Power        Failure   Level  Hunger
a - Sandblast             Erth           ##....       4%          1    None


Dungeon Overview and Level Annotations

Branches:
Dungeon (2/15)

Altars:
Okawaru


Innate Abilities, Weirdness & Mutations

You cannot wear most types of armour.
You are very stealthy in the water. (Stealth+)
You are amphibious.
You can wear up to eight rings at the same time.
You can use your tentacles to constrict eight enemies at once.
Your skin changes colour to match your surroundings (Stealth+).
Your rubbery body absorbs attacks. (AC +1, EV +1)


Message History

* * * LOW HITPOINT WARNING * * *
You feel sick. The giant cockroach misses you.
Casting: Sandblast
Confirm with . or Enter, or press ? or * to list all spells.
Aiming: Sandblast
Press: ? - help, Shift-Dir - straight line, f - giant cockroach
Aim: a giant cockroach (heavily wounded, clinging)
The blast of sand hits the giant cockroach.
You kill the giant cockroach!
b - 64 stones
Casting: Sandblast
Confirm with . or Enter, or press ? or * to list all spells.
You can't see any susceptible monsters within range! (Use Z to cast anyway.) Unknown command.
There is a lethal amount of poison in your body!
There is a lethal amount of poison in your body!
* * * LOW HITPOINT WARNING * * *
You feel sick.
You are feeling very hungry.
You die...

.##...#####...###
#.......# .[...##
###...####.#######
<..#### #.#...##.#
.......#
#........#
...###.#
#####....#####
...# ##..#.#...##
...## #†..........
....# ##†##..##.##
...... #.@##).# .#
...#.##
#....##.......%
...#.#
##.#..#..s._...
####
#.##.#........ #.
....#...#. .
##..##.## # #...
.. #... ..


There were no monsters in sight!

Vanquished Creatures
  An orc wizard (D:2)
  3 adders (D:2)
  An ooze (D:1)
  A dart slug (D:1)
  A leopard gecko (D:2)
  2 orcs (D:2)
  2 ball pythons
  5 giant cockroaches
  2 goblins (D:1)
  4 hobgoblins
  2 jackals (D:2)
  4 kobolds
  3 bats
  4 frilled lizards
  2 rats
37 creatures vanquished.

Notes
Turn   | Place    | Note
-------+----------+-------------------------------------------
     0 | D:1      | inc the Octopode Earth Elementalist began the quest for the Orb.
     0 | D:1      | Reached XP level 1. HP: 11/11 MP: 3/3
   141 | D:1      | Reached XP level 2. HP: 12/17 MP: 3/5
   524 | D:1      | Reached skill level 3 in Spellcasting
   632 | D:1      | Reached XP level 3. HP: 21/21 MP: 7/7
  1547 | D:2      | Reached XP level 4. HP: 8/27 MP: 9/9
  1551 | D:2      | Reached skill level 4 in Spellcasting
  1821 | D:2      | Found an iron altar of Okawaru.
  1841 | D:2      | HP: 1/27 [poisoned by an adder]
  1845 | D:2      | Succumbed to an adder's poison

Skill      XL: |  1  2  3  4 |
---------------+-------------+-----
Spellcasting   | 3 4 |  4.4
Dodging        | |  2.0
Stealth        | |  2.6
Transmutations | |  1.0
Earth Magic    | |  3.0

Action                   |  1- 3 |  4- 6 || total
-------------------------+-------+-------++-------
Melee: Short sword       |    80 |     7 ||    87
       Constrict         |    22 |     2 ||    24
       Tentacles         |    10 |     1 ||    11
 Cast: Sandblast         |     3 |     5 ||     8
  Use: Potion            |     1 |       ||     1
 Stab: Sleeping          |     8 |       ||     8
  Eat: Chunk             |     2 |       ||     2
Armor: Skin              |     8 |       ||     8
Dodge: Dodged            |    52 |     6 ||    58
